PAA
TACOMA FUR TRADERS @ MYRTLE BEACH MERMEN
09/16/2030
 
TOP OF THE 1ST
Tacoma Fur Traders batting - Pitching for Myrtle Beach Mermen : RHP Chad Li
Pitching: RHP Chad Li
Batting: RHB Roberto Aguirre 0-0: Called Strike
0-1: Called Strike
0-2: Ball
1-2: Ball
2-2: Ball
3-2: Fly out, F8 (Line Drive, 8RD)
Batting: RHB Jonathan Barnett 0-0: Ground out 4-3 (Groundball, 34D)
Batting: RHB Jeremy Geertsen 0-0: Called Strike
0-1: SINGLE (Line Drive, 9S)
Batting: RHB Gustavo González 0-0: Ball
1-0: Called Strike
1-1: Ball
2-1: Ground out 4-3 (Groundball, 4)
Top of the 1st over - 0 runs, 1 hit, 0 errors, 1 left on base; Tacoma 0 - Myrtle Beach 0
BOTTOM OF THE 1ST
Myrtle Beach Mermen batting - Pitching for Tacoma Fur Traders : LHP Marco Sledge
Pitching: LHP Marco Sledge
Batting: LHB Ramón Flores 0-0: Ball
1-0: Fly out, F5 (Popup, 56S)
Batting: RHB Landon Edwards 0-0: Ball
1-0: Called Strike
1-1: Ball
2-1: Ball
3-1: Ground out 6-3 (Groundball, 6)
Batting: RHB Maik Palen 0-0: Ball
1-0: Foul Ball, location: 2F
1-1: Called Strike
1-2: Hit by Pitch
Batting: LHB Shigenobu Ohayashi 0-0: Called Strike
0-1: Foul Ball, location: 2F
0-2: Strikes out swinging
Bottom of the 1st over - 0 runs, 0 hits, 0 errors, 1 left on base; Tacoma 0 - Myrtle Beach 0
TOP OF THE 2ND
Tacoma Fur Traders batting - Pitching for Myrtle Beach Mermen : RHP Chad Li
Batting: RHB Jason Alston 0-0: Ball
1-0: Ball
2-0: SINGLE (Line Drive, 6MD)
Batting: RHB Stan Wheeler 0-0: SINGLE (Groundball, 6D)
Jason Alston to second
Batting: RHB David Tineo 0-0: Foul Ball, location: 2F
0-1: Foul Ball, location: 2F
0-2: Fly out, F8 (Flyball, 8LXD)
Runner from 2nd tags up, SAFE at 3rd, no throw
Batting: RHB Michael Palledorous 0-0: Ball
1-0: Called Strike
1-1: Foul Ball, location: 2F
1-2: Strikes out looking
Batting: RHB Sherman N'Dir 0-0: Ball
1-0: Fly out, F3 (Popup, 3S)
Top of the 2nd over - 0 runs, 2 hits, 0 errors, 2 left on base; Tacoma 0 - Myrtle Beach 0
BOTTOM OF THE 2ND
Myrtle Beach Mermen batting - Pitching for Tacoma Fur Traders : LHP Marco Sledge
Batting: RHB Berihun Tukufu 0-0: Called Strike
0-1: Ball
1-1: Foul Ball, location: 2F
1-2: Strikes out swinging
Batting: RHB Cody Blackburn 0-0: Called Strike
0-1: Ground out 6-3 (Groundball, 6)
Batting: RHB Héctor Rivera 0-0: Ball
1-0: Swinging Strike
1-1: Ball
2-1: Foul Ball, location: 2F
2-2: Foul Ball, location: 2F
2-2: SINGLE (Flyball, 78M)
Batting: RHB David Meléndez 0-0: Ball
1-0: Called Strike
1-1: Ball
2-1: Called Strike
2-2: Foul Ball, location: 2F
2-2: Ball
3-2: Foul Ball, location: 2F
3-2: Fly out, F5 (Line Drive, 5)
Bottom of the 2nd over - 0 runs, 1 hit, 0 errors, 1 left on base; Tacoma 0 - Myrtle Beach 0
TOP OF THE 3RD
Tacoma Fur Traders batting - Pitching for Myrtle Beach Mermen : RHP Chad Li
Batting: RHB Roberto Aguirre 0-0: Foul Ball, location: 2F
0-1: Ball
1-1: Called Strike
1-2: Strikes out swinging
Batting: RHB Jonathan Barnett 0-0: Ball
1-0: Fly out, F8 (Line Drive, 8LM)
Batting: RHB Jeremy Geertsen 0-0: SINGLE (Line Drive, 7S)
Batting: RHB Gustavo González 0-0: Ball
1-0: Called Strike
1-1: Ground out 4-3 (Groundball, 4)
Top of the 3rd over - 0 runs, 1 hit, 0 errors, 1 left on base; Tacoma 0 - Myrtle Beach 0
BOTTOM OF THE 3RD
Myrtle Beach Mermen batting - Pitching for Tacoma Fur Traders : LHP Marco Sledge
Batting: RHB Gomez Talone 0-0: Foul Ball, location: 2F
0-1: Ground out 5-3 (Groundball, 56)
Batting: LHB Ramón Flores 0-0: Ball
1-0: SINGLE (Groundball, 56) (infield hit)
Batting: RHB Landon Edwards 0-0: Called Strike
0-1: Ground out 4-3 (Groundball, 34)
Ramón Flores to second
Batting: RHB Maik Palen 0-0: Called Strike
0-1: Fly out, F4 (Popup, 4)
Bottom of the 3rd over - 0 runs, 1 hit, 0 errors, 1 left on base; Tacoma 0 - Myrtle Beach 0
TOP OF THE 4TH
Tacoma Fur Traders batting - Pitching for Myrtle Beach Mermen : RHP Chad Li
Batting: RHB Jason Alston 0-0: Called Strike
0-1: Hit by Pitch
Batting: RHB Stan Wheeler 0-0: Ball
1-0: Called Strike
1-1: SINGLE (Flyball, 7S)
Jason Alston to second
Batting: RHB David Tineo 0-0: Ball
1-0: Foul Ball, location: 2F
1-1: Ball
2-1: SINGLE (Groundball, 2R) (infield hit)
Jason Alston to third
Stan Wheeler to second
Batting: RHB Michael Palledorous 0-0: Ball
1-0: Foul Ball, location: 2F
1-1: Ball
2-1: Grounds into double play, 4-6-3 (Groundball, 4)
Jason Alston scores
Stan Wheeler to third
Batting: RHB Sherman N'Dir 0-0: Ball
1-0: Ball
2-0: Ground out U3 (Groundball, 34S)
Top of the 4th over - 1 run, 2 hits, 0 errors, 1 left on base; Tacoma 1 - Myrtle Beach 0
BOTTOM OF THE 4TH
Myrtle Beach Mermen batting - Pitching for Tacoma Fur Traders : LHP Marco Sledge
Batting: LHB Shigenobu Ohayashi 0-0: Ball
1-0: Called Strike
1-1: Fly out, F7 (Flyball, 7LMF)
Batting: RHB Berihun Tukufu 0-0: Foul Ball, location: 2F
0-1: SINGLE (Groundball, 34D)
Batting: RHB Cody Blackburn 0-0: Grounds into double play, 1-6-3 (Groundball, 13)
Bottom of the 4th over - 0 runs, 1 hit, 0 errors, 0 left on base; Tacoma 1 - Myrtle Beach 0
TOP OF THE 5TH
Tacoma Fur Traders batting - Pitching for Myrtle Beach Mermen : RHP Chad Li
Batting: RHB Roberto Aguirre 0-0: Called Strike
0-1: Foul Ball, location: 2F
0-2: Ball
1-2: Ball
2-2: SINGLE (Groundball, 34D)
Batting: RHB Jonathan Barnett 0-0: Ball
1-0: Bunted foul
1-1: Bunt missed!
1-2: SINGLE (Groundball, 6MD)
Roberto Aguirre to second
Runner from 2nd tries for 3rd, SAFE, no throw
Batting: RHB Jeremy Geertsen 0-0: Ball
1-0: Foul Ball, location: 2F
1-1: Swinging Strike
1-2: Strikes out swinging
Jonathan Barnett steals 2nd base
Batter strikes out.
Batting: RHB Gustavo González 0-0: Ground out 6-3 (Groundball, 6)
Batting: RHB Jason Alston 0-0: Ball
1-0: DOUBLE (Flyball, 7LD)
Roberto Aguirre scores
Jonathan Barnett scores
Batting: RHB Stan Wheeler 0-0: Ball
1-0: Called Strike
1-1: Ball
2-1: SINGLE (Flyball, 78M)
Jason Alston to third
Runner from 3rd tries for Home, SAFE, no throw
Batting: RHB David Tineo 0-0: Ball
1-0: Foul Ball, location: 2F
1-1: Ball
2-1: Ball
3-1: SINGLE (Flyball, 8LS)
Stan Wheeler to second
Batting: RHB Michael Palledorous 0-0: Swinging Strike
0-1: Ball
1-1: Swinging Strike
1-2: Foul Ball, location: 2F
1-2: Strikes out swinging
Top of the 5th over - 3 runs, 5 hits, 0 errors, 2 left on base; Tacoma 4 - Myrtle Beach 0
BOTTOM OF THE 5TH
Myrtle Beach Mermen batting - Pitching for Tacoma Fur Traders : LHP Marco Sledge
Batting: RHB Héctor Rivera 0-0: Ball
1-0: Called Strike
1-1: Foul Ball, location: 2F
1-2: Ball
2-2: SINGLE (Line Drive, 78S)
Batting: RHB David Meléndez 0-0: Called Strike
0-1: Called Strike
0-2: Ball
1-2: Ground out 5-3 (Groundball, 56S)
Héctor Rivera to second
Batting: RHB Gomez Talone 0-0: Called Strike
0-1: Called Strike
0-2: Ball
1-2: Foul Ball, location: 2F
1-2: Foul Ball, location: 2F
1-2: SINGLE (Flyball, 8RS)
Héctor Rivera to third
Runner from 3rd tries for Home, throw and OUT!
Batting: LHB Ramón Flores 0-0: Called Strike
0-1: Called Strike
0-2: Ball
1-2: Ball
2-2: Foul Ball, location: 2F
2-2: Foul Ball, location: 2F
2-2: Ball
3-2: Fly out, F7 (Flyball, 7S)
Bottom of the 5th over - 0 runs, 2 hits, 0 errors, 1 left on base; Tacoma 4 - Myrtle Beach 0
TOP OF THE 6TH
Tacoma Fur Traders batting - Pitching for Myrtle Beach Mermen : RHP Chad Li
Batting: RHB Sherman N'Dir 0-0: Ball
1-0: Called Strike
1-1: Foul Ball, location: 2F
1-2: Ball
2-2: SINGLE (Line Drive, 89S)
Batting: RHB Roberto Aguirre 0-0: Sac Bunt - play at first, batter OUT! 5-3
Sherman N'Dir to second
Batting: RHB Jonathan Barnett 0-0: Ball
1-0: Foul Ball, location: 2F
1-1: Ground out 6-3 (Groundball, 6D)
Batting: RHB Jeremy Geertsen 0-0: Ball
1-0: Ball
2-0: Ball
3-0: Called Strike
3-1: Ground out 6-3 (Groundball, 6)
Top of the 6th over - 0 runs, 1 hit, 0 errors, 1 left on base; Tacoma 4 - Myrtle Beach 0
BOTTOM OF THE 6TH
Myrtle Beach Mermen batting - Pitching for Tacoma Fur Traders : LHP Marco Sledge
Batting: RHB Landon Edwards 0-0: Called Strike
0-1: Swinging Strike
0-2: Foul Ball, location: 2F
0-2: Ground out 6-3 (Groundball, 6)
Batting: RHB Maik Palen 0-0: Called Strike
0-1: Foul Ball, location: 2F
0-2: SINGLE (Groundball, 4D)
Batting: LHB Shigenobu Ohayashi 0-0: Ball
1-0: Called Strike
1-1: Fielders Choice at 2nd, 5-4 (Groundball, 56)
Batting: RHB Berihun Tukufu 0-0: Ball
1-0: Fly out, F7 (Flyball, 7S)
Bottom of the 6th over - 0 runs, 1 hit, 0 errors, 1 left on base; Tacoma 4 - Myrtle Beach 0
TOP OF THE 7TH
Tacoma Fur Traders batting - Pitching for Myrtle Beach Mermen : RHP Chad Li
Batting: RHB Gustavo González 0-0: Foul Ball, location: 2F
0-1: Foul Ball, location: 2F
0-2: Ball
1-2: Ground out 4-3 (Groundball, 4M)
Batting: RHB Jason Alston 0-0: Ball
1-0: Ball
2-0: Ball
3-0: Called Strike
3-1: Fly out, F7 (Flyball, 7S)
Batting: RHB Stan Wheeler 0-0: Foul Ball, location: 2F
0-1: Ground out 6-3 (Groundball, 6)
Top of the 7th over - 0 runs, 0 hits, 0 errors, 0 left on base; Tacoma 4 - Myrtle Beach 0
BOTTOM OF THE 7TH
Myrtle Beach Mermen batting - Pitching for Tacoma Fur Traders : LHP Marco Sledge
Batting: RHB Cody Blackburn 0-0: Ball
1-0: Called Strike
1-1: Foul Ball, location: 2F
1-2: Strikes out swinging
Batting: RHB Héctor Rivera 0-0: Swinging Strike
0-1: Swinging Strike
0-2: Strikes out swinging
Batting: RHB David Meléndez 0-0: Called Strike
0-1: Fly out, F8 (Line Drive, 8RM)
Bottom of the 7th over - 0 runs, 0 hits, 0 errors, 0 left on base; Tacoma 4 - Myrtle Beach 0
TOP OF THE 8TH
Tacoma Fur Traders batting - Pitching for Myrtle Beach Mermen : RHP Chad Li
Batting: RHB David Tineo 0-0: Fly out, F8 (Flyball, 8LS)
Pitching: LHP Luis Vega
Batting: RHB Michael Palledorous 0-0: Called Strike
0-1: Ball
1-1: Swinging Strike
1-2: Ball
2-2: Ball
3-2: Foul Ball, location: 2F
3-2: SINGLE (Flyball, 9LS)
Batting: RHB Sherman N'Dir 0-0: Called Strike
0-1: Swinging Strike
0-2: Strikes out looking
Batting: RHB Roberto Aguirre 0-0: 2-RUN HOME RUN (Line Drive, 7LD), Distance : 351 ft
Batting: RHB Jonathan Barnett 0-0: Ball
1-0: Ball
2-0: Ball
3-0: Base on Balls
Batting: RHB Jeremy Geertsen 0-0: Called Strike
0-1: Ball
1-1: Called Strike
1-2: Fly out, F7 (Flyball, 7D)
Top of the 8th over - 2 runs, 2 hits, 0 errors, 1 left on base; Tacoma 6 - Myrtle Beach 0
BOTTOM OF THE 8TH
Myrtle Beach Mermen batting - Pitching for Tacoma Fur Traders : LHP Marco Sledge
Batting: RHB Gomez Talone 0-0: Called Strike
0-1: Ball
1-1: Ground out 3-1 (Groundball, 34S)
Batting: LHB Ramón Flores 0-0: Called Strike
0-1: Ball
1-1: Ground out 5-3 (Groundball, 5D)
Batting: RHB Landon Edwards 0-0: Fly out, F9 (Flyball, 89D)
Bottom of the 8th over - 0 runs, 0 hits, 0 errors, 0 left on base; Tacoma 6 - Myrtle Beach 0
TOP OF THE 9TH
Tacoma Fur Traders batting - Pitching for Myrtle Beach Mermen : LHP Luis Vega
Batting: RHB Gustavo González 0-0: SINGLE (Groundball, 4MD)
Batting: RHB Jason Alston 0-0: Ball
1-0: Fly out, F8 (Line Drive, 8LM)
Batting: RHB Stan Wheeler 0-0: Called Strike
0-1: Ball
1-1: Foul Ball, location: 2F
1-2: Ball
2-2: Ball
3-2: Foul Ball, location: 2F
3-2: DOUBLE (Line Drive, 9LS)
Gustavo González to third
Batting: RHB David Tineo 0-0: Foul Ball, location: 2F
0-1: Called Strike
0-2: Foul Ball, location: 2F
0-2: SINGLE (Line Drive, 7S)
Gustavo González scores
Stan Wheeler to third
Batting: RHB Michael Palledorous 0-0: Called Strike
0-1: Called Strike
0-2: Ball
1-2: Foul Ball, location: 2F
1-2: Ball
2-2: Foul Ball, location: 2F
2-2: Grounds into double play, 6-4-3 (Groundball, 6)
Top of the 9th over - 1 run, 3 hits, 0 errors, 1 left on base; Tacoma 7 - Myrtle Beach 0
BOTTOM OF THE 9TH
Myrtle Beach Mermen batting - Pitching for Tacoma Fur Traders : LHP Marco Sledge
Batting: RHB Maik Palen 0-0: Swinging Strike
0-1: Fly out, F3 (Popup, 3)
Batting: LHB Shigenobu Ohayashi 0-0: Ball
1-0: Ball
2-0: Called Strike
2-1: Swinging Strike
2-2: Strikes out looking
Batting: RHB Berihun Tukufu 0-0: Called Strike
0-1: Ball
1-1: Ball
2-1: Ball
3-1: Base on Balls
Batting: RHB Cody Blackburn 0-0: Called Strike
0-1: Foul Ball, location: 2F
0-2: Strikes out swinging
Bottom of the 9th over - 0 runs, 0 hits, 0 errors, 1 left on base; Tacoma 7 - Myrtle Beach 0
Sunday, March 18th, 2018 - OOTP Baseball 18.8 Build 76